 Dungeon Crawl Stone Soup version 0.23.2 (webtiles) character file.

Game seed: 11319487997242288688

837 Borgoz the Covered (level 7, 0/59 (60) HPs)
             Began as a Ghoul Fighter on Apr 5, 2019.
             Slain by a wight
             ... wielding a +0 halberd
              (5 damage)
             ... on level 4 of the Dungeon.
             The game lasted 00:07:44 (3591 turns).

Borgoz the Covered (Ghoul Fighter)                  Turns: 3591, Time: 00:07:45

HP:   0/59 (60)     AC: 11    Str: 20    XL:     7   Next: 99%
MP:   15/15         EV: 11    Int:  4    God:
Gold: 302           SH:  0    Dex:  9    Spells: 6/6 levels left

rFire    . . .     SeeInvis .   a - +0 rapier
rCold    + . .     Gourm    .   (no shield)
rNeg     + + +     Faith    .   b - +1 scale mail
rPois    ∞         Spirit   .   (no helmet)
rElec    .         Reflect  .   h - +2 cloak {MR+}
rCorr    .         Harm     .   (no gloves)
MR       +....                  (no boots)
Stlth    +.........             (no amulet)
HPRegen  0.00/turn              g - ring of magical power
MPRegen  0.14/turn              (no ring)

@: rotting
A: rotting body, claws 1, carnivore, cold resistance 1, negative energy
resistance 3, inhibited regeneration, torment resistance, unbreathing
a: no special abilities


You were on level 4 of the Dungeon.
You were not hungry.

You visited 1 branch of the dungeon, and saw 4 of its levels.

You collected 302 gold pieces.

Inventory:

Hand Weapons
 a - a +0 rapier (weapon)
Missiles
 n - 7 tomahawks (quivered)
Armour
 b - a +1 scale mail (worn)
 c - a +0 shield
 h - a +2 cloak of magic resistance (worn)
Jewellery
 g - a ring of magical power (left claw)
Wands
 i - a wand of iceblast (8)
Scrolls
 e - a scroll of identify
 j - a scroll of blinking {unknown}
Potions
 d - a potion of might
 p - a potion of brilliance
Comestibles
 f - 5 rations


   Skills:
 + Level 4.7 Fighting
 * Level 4.3 Short Blades
 * Level 4.8 Armour
 * Level 3.6 Dodging
 + Level 3.1 Stealth
 - Level 2.7 Shields


You had 6 spell levels left.
You didn't know any spells.
Your spell library was empty.

Dungeon Overview and Level Annotations

Branches:
Dungeon (4/15)
 Temple: D:4-7

Altars:
Elyvilon
Vehumet
Xom


Innate Abilities, Weirdness & Mutations

Your body is rotting away.
You thrive on raw meat.
You are immune to poison.
You have sharp fingernails.
You are carnivorous and can eat meat at any time.
Your flesh is cold resistant. (rC+)
You are immune to negative energy. (rN+++)
You do not regenerate when monsters are visible.
You are immune to unholy pain and torment.
You can survive without breathing.


Message History

You hit the iguana.
You kill the iguana!
You swing at nothing.
The wight hits you from afar with a +0 halberd.
* * * LOW HITPOINT WARNING * * *
You swing at nothing.
The wight hits you but does no damage.
You swing at nothing.
The wight closely misses you.
You swing at nothing.
The wight hits you from afar with a +0 halberd.
* * * LOW HITPOINT WARNING * * *
You swing at nothing.
The wight barely misses you.
You swing at nothing.
You swing at nothing.
The wight hits you from afar with a +0 halberd.
* * * LOW HITPOINT WARNING * * *
Unknown command.
Okay, then.
Okay, then.
The wight hits you from afar with a +0 halberd.
You die...

####### #.....#
#..<..########.#
#.......#..÷...#
.....
#.....#...######
...( #.....##.##
... ###.####.#####
#..#
#........†.####...#
##...#####..@.#..#
....#. ####.#.#
.#### #z..#
######.z.#
.>.......#
#.##.##..#
#....#######.
####...>.....
#...#####[#


You could see 2 wights.

Vanquished Creatures
  Sigmund (D:3)
  An ogre (D:4)
  3 big kobolds (D:3)
  A wight (D:4)
  A crimson imp (D:3)
  An orc wizard (D:3)
  Crazy Yiuf (D:3)
  An iguana (D:4)
  Natasha (D:3)
  A worker ant (D:4)
  2 gnolls (D:3)
  5 adders
  2 oozes
  3 worms (D:2)
  2 dart slugs
  A leopard gecko (D:2)
  5 orcs (D:3)
  A bat skeleton (D:2)
  A bat zombie (D:2)
  2 giant cockroaches
  3 goblins
  15 hobgoblins
  4 jackals (D:2)
  2 quokkas (D:3)
  6 bats
  5 frilled lizards
  A jackal zombie (D:2)
  40 kobolds
  A leopard gecko zombie (D:2)
  7 rats
120 creatures vanquished.

Vanquished Creatures (others)
  A goblin (D:2)
1 creature vanquished.

Grand Total: 121 creatures vanquished

Notes
Turn   | Place    | Note
-------+----------+-------------------------------------------
     0 | D:1      | Borgoz the Ghoul Fighter began the quest for the Orb.
     0 | D:1      | Reached XP level 1. HP: 19/19 MP: 0/0
   245 | D:1      | Reached XP level 2. HP: 26/26 MP: 1/1
   605 | D:2      | Found a shimmering altar of Xom.
   606 | D:2      | Found a radiant altar of Vehumet.
   612 | D:2      | Reached XP level 3. HP: 31/31 MP: 2/2
   677 | D:2      | Reached skill level 1 in Dodging
   677 | D:2      | Reached skill level 1 in Stealth
  1056 | D:2      | Reached XP level 4. HP: 29/39 MP: 3/3
  1352 | D:2      | Found a white marble altar of Elyvilon.
  1688 | D:3      | Reached XP level 5. HP: 18/46 MP: 4/4
  2089 | D:3      | Noticed Sigmund
  2098 | D:3      | Killed Sigmund
  2098 | D:3      | Reached XP level 6. HP: 39/52 MP: 5/5
  2190 | D:3      | Noticed Natasha
  2207 | D:3      | Killed Natasha
  2230 | D:3      | Found a runed translucent door.
  2231 | D:3      | Noticed Crazy Yiuf
  2872 | D:3      | Reached XP level 7. HP: 52/59 MP: 6/6
  3381 | D:3      | Killed Crazy Yiuf
  3591 | D:4      | Slain by a wight

Skill      XL: |  1  2  3  4  5  6  7 |
---------------+----------------------+-----
Short Blades   | 2 3 4 |  4.3
Armour         | 3 4 |  4.8
Dodging        | 1 2 3 |  3.6
Stealth        | 1 2 3 |  3.1
Fighting       | 4 |  4.7
Shields        | |  2.7

Action                   |  1- 3 |  4- 6 |  7- 9 || total
-------------------------+-------+-------+-------++-------
Melee: Rapier            |    97 |   290 |    95 ||   482
  Use: Potion            |       |     6 |       ||     6
       Scroll            |       |     9 |       ||     9
 Stab: Invisible         |       |     2 |       ||     2
  Eat: Chunk             |       |    12 |    13 ||    25
Armor: Scale mail        |    56 |   171 |    43 ||   270
Dodge: Dodged            |    48 |   227 |    88 ||   363
